 Dungeon Crawl Stone Soup version 0.30.1-5-ged363bc7ee (webtiles) character file.

Game seed: 17099691693304101190

1078 H0rd4k the Insei (level 8, -2/51 HPs)
             Began as an Octopode Artificer on Sept 19, 2023.
             Was an Initiate of Gozag.
             Slain by a centaur (3 damage)
             ... on level 6 of the Dungeon.
             The game lasted 00:07:15 (5182 turns).

H0rd4k the Insei (Octopode Artificer)               Turns: 5182, Time: 00:07:16

Health: -2/51      AC:  1    Str: 16    XL:     8   Next: 29%
Magic:  8/8        EV: 18    Int: 15    God:    Gozag
Gold:   141        SH:  0    Dex:  8    Spells: 7/7 levels left

rFire   . .          .
                       - Unarmed
rCold   . . .        (no shield)
rNeg    . . .        (helmet restricted)
rPois   .            (no amulet)
rElec   .            l - ring of wizardry
rCorr   .            w - ring of Creativity {EV+5 Str+5 Dex-5}
SInv    .            (no ring)
Will    .....        (no ring)
Stlth   ++           (no ring)
HPRegen 0.28/turn    (no ring)
MPRegen 0.11/turn    (no ring)
                     (no ring)

%: wizardry (x1)
@: no status effects
A: almost no armour, amphibious, 8 rings, camouflage 1, gelatinous body 1,
(nimble swimmer 1), tentacles
a: Renounce Religion, Potion Petition, Call Merchant, Bribe Branch


You were on level 6 of the Dungeon.
You worshipped Gozag.
Gozag was aware of your devotion.
You visited 1 branch of the dungeon, and saw 6 of its levels.

You collected 645 gold pieces.
You spent 473 gold pieces at shops.
You paid 31 gold pieces to Gozag.

Inventory:

Missiles
 p - 4 poisoned darts
Jewellery
 l - a ring of wizardry (left tentacle)
 w - the ring of Creativity (right tentacle) {EV+5 Str+5 Dex-5}
   (You bought it in a shop on level 1 of the Dungeon)

   [ring of evasion]

   EV:        It affects your evasion (+5).
   Str:       It affects your strength (+5).
   Dex:       It affects your dexterity (-5).
Wands
 c - a wand of charming (11)
 d - a wand of paralysis (19)
Scrolls
 b - 2 scrolls of poison {unknown}
 e - a scroll of silence {unknown}
 f - 6 scrolls of identify {unknown}
 g - 5 scrolls of fear {unknown}
 i - a scroll of butterflies {unknown}
 j - a scroll of torment {unknown}
 k - a scroll of enchant weapon {unknown}
 m - 2 scrolls of enchant armour {unknown}
 n - 2 scrolls of noise {unknown}
 q - 2 scrolls of teleportation {unknown}
 t - a scroll of amnesia {unknown}
 u - 2 scrolls of vulnerability {unknown}
 x - a scroll of immolation {unknown}
Potions
 a - a potion of might {unknown}
 h - 2 potions of curing {unknown}
 o - 2 potions of haste {unknown}
 r - a potion of brilliance {unknown}
 s - a potion of ambrosia {unknown}
 v - a potion of attraction {unknown}


   Skills:
 + Level 2.7 Fighting
 + Level 4.6 Dodging
 - Level 1.3 Stealth
 + Level 7.0 Unarmed Combat
 + Level 5.4 Evocations


You had 7 spell levels left.
You didn't know any spells.
Your spell library contained the following spells:

 Spells                   Type           Power      Damage    Failure   Level
 Stone Arrow              Conj/Erth      0%         3d7       32%         3
 Lehudib's Crystal Spear  Conj/Erth      0%         10d2      100%        8
 Animate Armour           Summ/Erth      Unusable   N/A       N/A         4

Dungeon Overview and Level Annotations

Branches:
Dungeon (6/15)             Temple (0/1) D:5

Altars:
Gozag
Ru
Yredelemnul

Shops:
D:1 =   D:4 *

Annotations:
D:1 1 exclusion


Innate Abilities, Weirdness & Mutations

You cannot wear most types of armour.
You are amphibious.
You can wear up to eight rings at the same time.
Your skin changes colour to match your surroundings (Stealth+).
Your rubbery body absorbs attacks. (AC +1, EV +1)
((You are camouflaged when in or above water. (Stealth+)))
You have tentacles for arms and can constrict up to eight enemies at once.


Message History

The centaur is heavily wounded.
The centaur completely misses you. The centaur kicks you.
The black bear misses you. The black bear barely misses you.
The black bear closely misses you.
You tentacle-slap the centaur but do no damage.
The centaur is heavily wounded.
The centaur barely misses you. The centaur kicks you. The black bear bites you.
The black bear misses you.
The black bear claws you but does no damage.
The centaur misses you.
The centaur kicks you but does no damage.
You barely miss the centaur.
The centaur is heavily wounded.
The centaur closely misses you. The centaur misses you.
The black bear bites you. The black bear claws you. x2
* * * LOW HITPOINT WARNING * * *
Unknown command.
Aiming: Charm
Press: ? - help, Shift-Dir - straight line, f - black bear
Aim: a black bear (chance to affect: 62%)
The black bear resists with significant effort.
The centaur closely misses you. x2; The black bear bites you.
* * * LOW HITPOINT WARNING * * *
The black bear misses you. The black bear claws you.
* * * LOW HITPOINT WARNING * * *
Aiming: Charm
Press: ? - help, Shift-Dir - straight line, f/p - black bear
Aim: a black bear (chance to affect: 62%)
The black bear is charmed.
The centaur hits you!
* * * LOW HITPOINT WARNING * * *
The centaur closely misses you.
The centaur hits you but does no damage.
The centaur closely misses you.
Aiming: Charm
Press: ? - help, Shift-Dir - straight line, f - centaur, p - black bear
Aim: a centaur (heavily wounded, chance to affect: 62%)
The centaur resists with significant effort.
The centaur hits you.
You die...
Your body crumbles into a pile of gold.

#.....###.# #
#..##.....# #
##.#####..# # #.# #..#
# ###########.#####..#
# ..................>#
# ............########
#
#......hc#<.....#######
#
........@...(..........
#
#.######.######.#######
# #.................# #
########.####...#.# #
#.# #.###.####### #.#
#............ #.#
#####.###.... #.#
#........ #.# #####.###


You could see a centaur (ally target) and a friendly black bear (charmed).

Vanquished Creatures
  A black bear (D:6)
  2 ogres
  A centaur (D:5)
  2 scorpions (D:6)
  A jelly (D:5)
  3 orc priests (D:5)
  3 hounds (D:5)
  2 sleepcaps
  3 orc wizards (D:5)
  3 iguanas
  9 adders
  A white imp (D:5)
  3 worms
  3 dart slugs
  15 orcs
  8 endoplasms
  7 giant cockroaches
  5 goblins
  7 hobgoblins
  2 jackals (D:3)
  2 quokkas
  8 ball pythons
  6 bats
  A frilled lizard (D:3)
  6 kobolds
  9 rats
113 creatures vanquished.

Notes
Turn   | Place    | Note
-------+----------+-------------------------------------------
     0 | D:1      | H0rd4k the Octopode Artificer began the quest for the Orb.
     0 | D:1      | Reached XP level 1. HP: 13/13 MP: 1/1
   131 | D:1      | Reached XP level 2. HP: 10/18 MP: 2/2
   327 | D:1      | Found Eziu's Jewellery Boutique.
   390 | D:1      | Reached XP level 3. HP: 23/23 MP: 3/3
   402 | D:1      | Reached skill level 1 in Unarmed Combat
   557 | D:2      | Found a faded altar of an unknown god.
  1353 | D:2      | Reached XP level 4. HP: 25/28 MP: 4/4
  1752 | D:3      | Found an opulent altar of Gozag.
  1764 | D:3      | Reached skill level 2 in Unarmed Combat
  1769 | D:3      | Became a worshipper of Gozag Ym Sagoz the Greedy
  2035 | D:3      | Reached XP level 5. HP: 29/33 MP: 5/5
  2620 | D:4      | Noticed an ogre
  2624 | D:4      | Killed an ogre
  2625 | D:4      | Reached skill level 3 in Unarmed Combat
  2676 | D:4      | Reached XP level 6. HP: 29/39 MP: 6/6
  2813 | D:4      | Found Oloeb's Assorted Antiques.
  2933 | D:4      | Reached skill level 4 in Unarmed Combat
  3088 | D:4      | Found a basalt altar of Yredelemnul.
  3096 | D:4      | Found a sacrificial altar of Ru.
  3245 | D:5      | Entered Level 5 of the Dungeon
  3532 | D:5      | Reached XP level 7. HP: 8/45 MP: 7/7
  3534 | D:5      | Reached skill level 5 in Unarmed Combat
  3778 | D:5      | Reached skill level 5 in Evocations
  4021 | D:5      | Found a staircase to the Ecumenical Temple.
  4192 | D:5      | Noticed a vampire
  4336 | D:1      | Bought the ring of Creativity {EV+5 Str+5 Dex-5} for 473
                  | gold pieces
  4493 | D:5      | Reached skill level 6 in Unarmed Combat
  4670 | D:6      | Reached XP level 8. HP: 51/51 MP: 8/8
  5014 | D:6      | Reached skill level 7 in Unarmed Combat
  5181 | D:6      | HP: 1/51 [centaur (7)]
  5182 | D:6      | Slain by a centaur

Illustrated notes

Levels and vault maps discovered:
D:1:      minmay_arrival_hallway, layout_basic, serial_shops,
          nicolae_shop_peninsula, nicolae_eternal_life, minmay_statues_item,
          minmay_tripent
D:2:      layout_basic, hellmonk_ecumenical_altar_leap_of_faith,
          nicolae_hexahallways
D:3:      layout_basic, grunt_gozag_statues, minmay_circle_x
D:4:      layout_gridville, amethyst_overflow_temple_binary, serial_shops, shop,
          hangedman_abyss_or_decor_stabs
D:5:      layout_loops_cross, minmay_temple_entry_wispy
D:6:      layout_basic, gammafunk_temple_overflow_forgotten,
          gammafunk_ghost_nasty_kobolds, dk_vineyard_1, uniq_grinder

Skill      XL: |  1  2  3  4  5  6  7  8 |
---------------+-------------------------+-----
Evocations     | 4 5 |  5.4
Unarmed Combat | 1 2 3 4 6 7 |  7.0
Dodging        | 3 4 |  4.6
Fighting       | 2 |  2.7
Stealth        | |  1.3

Action                     |  1- 3 |  4- 6 |  7- 9 || total
---------------------------+-------+-------+-------++-------
  Melee: Unarmed           |   110 |   118 |    81 ||   309
         Tentacles         |    22 |    29 |    30 ||    81
         Constrict         |    22 |    32 |    18 ||    72
         Punch             |     2 |     6 |     4 ||    12
  Evoke: Wand              |     3 |    15 |     9 ||    27
   Stab: Sleeping          |    14 |     3 |     2 ||    19
         Paralysed         |       |       |     3 ||     3
         Distracted        |       |       |     1 ||     1
 Armour: Skin              |     7 |     3 |     4 ||    14
  Dodge: Dodged            |    70 |    62 |    68 ||   200
